 Dungeon Crawl Stone Soup version 0.14-a0-1663-g0b35444 (webtiles) character file.

12179 Egon the Arsonist (level 11, -8/115 HPs)
             Began as a Djinni Wizard on Dec 29, 2013.
             Was a Priest of Vehumet.
             Mangled by a yak (16 damage)
             ... on Level 10 of the Dungeon on Dec 30, 2013.
             The game lasted 01:14:57 (14818 turns).

Egon the Arsonist (Djinni Wizard)                  Turns: 14818, Time: 01:14:58

HP  -8/115       AC  3     Str  8      XL: 11   Next: 52%
MP   0/0         EV 12     Int 22      God: Vehumet [***...]
Gold 488         SH 12     Dex 11      Spells:  8 memorised, 12 levels left

rFire  + + +     SeeInvis .     a - staff of conjuration
rCold  + . .     Clarity  .     c - -2 robe "Nuewul" {rPois rC+ Acc+4 Dam+2}
rNeg   + + +     Conserve .     l - +2 dwarf buckler
rPois  +         rCorr    .     u - +0 helmet of the Morning {rC+ Acc+3}
rElec  .         rRot     .     s - +0 cloak
SustAb . .       Spirit   .     A - +0 pair of gloves
rMut   .         Warding  .     (boots unavailable)
Saprov . . .     Stasis   .     (no amulet)
                                n - ring of magical power
                                i - ring of regeneration

@: flying, somewhat resistant to hostile enchantments, unstealthy
A: fire immunity, cold vulnerability, life protection 3
a: Renounce Religion


You were on level 10 of the Dungeon.
You worshipped Vehumet.
Vehumet was most pleased with you.
You were not hungry.

You visited 3 branches of the dungeon, and saw 14 of its levels.

You collected 566 gold pieces.
You spent 78 gold pieces at shops.

Inventory:

Armour
 c - the cursed -2 robe "Nuewul" (worn) {rPois rC+ Acc+4 Dam+2}
   (You found it on level 9 of the Dungeon)

   It affects your accuracy (+4).
   It affects your damage-dealing abilities (+2).
   It protects you from cold.
   It protects you from poison.
   It has a curse placed upon it.
 e - a +0 robe
 l - a +2 dwarven buckler (worn)
 s - a +0 cloak (worn)
 u - the +0 helmet of the Morning (worn) {rC+ Acc+3}
   (You acquired it on level 3 of the Lair of Beasts)

   It affects your accuracy (+3).
   It protects you from cold.
 A - a +0 pair of gloves (worn)
Magical devices
 g - a wand of cold (0)
 q - a wand of heal wounds (7)
Scrolls
 k - a scroll of fear
 m - a scroll of enchant armour
 o - a scroll of summoning {unknown}
 p - a scroll of identify
 r - a scroll of blinking
Jewellery
 i - a ring of regeneration (left hand)
 n - a ring of magical power (right hand)
 w - an uncursed ring of sustain abilities
Potions
 d - 6 potions of curing
 f - 2 potions of brilliance
 h - 2 potions of heal wounds
Books
 j - a book of Control

   Spells                             Type                      Level
   Control Teleport                   Charms/Translocation         4
   Control Undead                     Necromancy                   4
   Enslavement                        Hexes                        4
   Mass Confusion                     Hexes                        6
   Metabolic Englaciation             Hexes/Ice                    6
Magical staves
 a - an uncursed staff of conjuration (weapon)
Rods
 b - a +0 rod of demonology (9/9)
   (You found it on level 2 of the Lair of Beasts)


   Skills:
 - Level 8.0 Fighting
 - Level 1.7 Dodging
 - Level 1.5 Stealth
 - Level 5.1 Shields
 + Level 10.4 Spellcasting
 + Level 9.9 Conjurations
   Level 1.0 Summonings
 - Level 1.0 Translocations
 + Level 10.9 Fire Magic
 - Level 2.2 Air Magic


You had 12 spell levels left.
You knew the following spells:

 Your Spells              Type           Power        Failure   Level  Hunger
a - Flame Tongue          Conj/Fire      #####        1%          1    None
b - Throw Flame           Conj/Fire      ######       1%          2    None
c - Mephitic Cloud        Conj/Pois/Air  #####...     1%          3    None
d - Conjure Flame         Conj/Fire      ######..     1%          3    None
e - Repel Missiles        Chrm/Air       ###.......   8%          2    None
f - Sticky Flame          Conj/Fire      ######..     1%          4    #......
k - Blink                 Tloc           N/A          8%          2    None
m - Magic Dart            Conj           ####         1%          1    None


Dungeon Overview and Level Annotations

Branches:
Dungeon (10/16)            Temple (1/1) D:7             Orc (0/4) D:9
   Lair (3/8) D:8
  Swamp: Lair:3-6    Shoals: Lair:3-6     Snake: Lair:3-6    Spider: Lair:3-6

Altars:
Ashenzari
Cheibriados
Elyvilon
Fedhas
Kikubaaqudgha
Makhleb
Nemelex Xobeh
Okawaru
Sif Muna
Trog
Vehumet
Xom
Yredelemnul
Zin
the Shining One

Shops:
D:5 *   D:6 !


Innate Abilities, Weirdness & Mutations

You are immune to all types of fire, even holy and hellish.
You are vulnerable to cold.
You need no food.
You have no legs.
You are immune to negative energy.


Message History

Vehumet accepts your kill.
A necrophage comes into view.
Casting: Mephitic Cloud
Confirm with . or Enter, or press ? or * to list all spells.
Aiming: Flame Tongue
Press: ? - help, Shift-Dir - straight line, f/p - yak
Aim: a yak (noxious fumes, heavily wounded)
You feel a surge of power!
The flame hits the yak.
The yak is heavily wounded.
The yak is engulfed in noxious fumes.
The yak gores you!
* * * LOW HITPOINT WARNING * * *
Casting: Flame Tongue
Confirm with . or Enter, or press ? or * to list all spells.
Aiming: Flame Tongue
Press: ? - help, Shift-Dir - straight line, f/p - yak
Aim: a yak (noxious fumes, heavily wounded)
You feel a surge of power!
The flame hits the yak.
The yak is severely wounded.
The yak is engulfed in noxious fumes.
The yak gores you!
You die...

#. #.
.##.#####
.........#
.........#
.........#
.....$.%.%#
......§%§.#
.......§Y@#
...n......#
......%..#
#.########
#


You could see a yak and a necrophage.

Vanquished Creatures
  The ghost of motorbit the Infuser, an experienced DECj of Vehumet (D:9)
  The ghost of Piginabag the Ducker, an experienced DsMo (D:4)
  2 spiny frogs (Lair:3)
  An item mimic (Lair:2)
  A two-headed ogre (D:9)
  3 komodo dragons
  16 yaks
  3 hippogriffs
  2 hungry ghosts
  4 necrophages
  2 porcupines (Lair:2)
  4 wolves (Lair:3)
  A black bear (Lair:2)
  2 ice beasts
  2 orc warriors
  4 centaurs
  5 crocodiles
  7 ogres
  A yellow wasp (D:9)
  2 wargs (D:8)
  3 giant slugs
  5 water moccasins
  2 agate snails
  6 giant frogs
  7 killer bees
  A crimson imp (D:6)
  3 goliath beetles
  A quasit (D:8)
  2 jellies
  6 orc priests
  4 iguanas
  A centaur zombie (D:8)
  10 hounds
  4 scorpions
  6 orc wizards
  6 worker ants
  2 ogre zombies
  An ogre skeleton (D:8)
  6 sheep (Lair:2)
  16 adders
  4 gnolls (D:6)
  12 green rats
  3 giant centipedes
  5 giant mites
  An inept feature mimic (D:7)
  5 worms
  5 giant geckos
  34 orcs
  18 bats
  4 giant cockroaches
  11 hobgoblins
  13 kobolds
  11 quokkas
  4 training dummies (D:2)
  A giant gecko zombie (D:7)
  5 giant newts
  2 giant spores
  17 goblins
  A goblin skeleton (D:5)
  A hobgoblin skeleton (D:4)
  14 jackals
  A kobold zombie (D:7)
  2 quokka zombies
  18 rats
  7 ballistomycetes (D:7)
355 creatures vanquished.

Vanquished Creatures (collateral kills)
  A killer bee (D:7)
1 creature vanquished.

Vanquished Creatures (others)
  A quokka (D:6)
  A plant (D:8)
2 creatures vanquished.

Grand Total: 358 creatures vanquished

Notes
Turn   | Place    | Note
--------------------------------------------------------------
     0 | D:1      | Egon, the Djinni Wizard, began the quest for the Orb.
     0 | D:1      | Reached XP level 1. HP: 15/15 MP: 0/0
   282 | D:1      | Reached XP level 2. EP: 21/24
   287 | D:1      | Learned a level 2 spell: Blink
   407 | D:1      | Reached skill level 1 in Fighting
   472 | D:1      | Reached skill level 4 in Spellcasting
   995 | D:2      | Reached XP level 3. EP: 24/32
  1001 | D:2      | Learned a level 3 spell: Mephitic Cloud
  1005 | D:2      | Learned a level 3 spell: Conjure Flame
  1094 | D:2      | Found an iron altar of Okawaru.
  1471 | D:2      | Reached XP level 4. EP: 32/40
  1475 | D:2      | Learned a level 2 spell: Repel Missiles
  1667 | D:2      | Found an iron altar of Okawaru.
  2511 | D:3      | Reached XP level 5. EP: 23/48
  2750 | D:3      | Reached skill level 1 in Fire Magic
  2958 | D:4      | Noticed a centaur
  2960 | D:4      | Noticed a centaur
  2961 | D:4      | Noticed a centaur
  2961 | D:4      | Killed a centaur
  2961 | D:4      | Reached skill level 5 in Spellcasting
  2961 | D:4      | Reached skill level 1 in Air Magic
  3053 | D:4      | Killed a centaur
  3053 | D:4      | Reached XP level 6. EP: 42/58
  3054 | D:4      | Killed a centaur
  3321 | D:4      | Found a glowing golden altar of the Shining One.
  3615 | D:4      | Noticed Piginabag's ghost (experienced DsMo)
  3624 | D:4      | Killed Piginabag's ghost
  3624 | D:4      | Reached skill level 6 in Spellcasting
  3624 | D:4      | Reached XP level 7. EP: 27/67
  3946 | D:5      | Entered Level 5 of the Dungeon
  4198 | D:5      | Reached skill level 5 in Conjurations
  4198 | D:5      | Reached XP level 8. EP: 41/76
  4317 | D:5      | Found Pucleado's Assorted Antiques.
  4324 | D:5      | Bought a scroll labeled BLOUXK ANEO for 24 gold pieces
  4324 | D:5      | Bought a yellow potion for 21 gold pieces
  4573 | D:5      | Reached skill level 7 in Spellcasting
  4573 | D:5      | Reached skill level 5 in Fire Magic
  4591 | D:5      | Reached skill level 5 in Fighting
  4634 | D:5      | Reached XP level 9. EP: 15/85
  4817 | D:5      | Found a bloodstained altar of Trog.
  5099 | D:6      | Found a white marble altar of Elyvilon.
  5507 | D:6      | Found Pnakkel's Distillery.
  5517 | D:6      | Bought a potion of mutation for 33 gold pieces
  5590 | D:6      | Found a burning altar of Makhleb.
  5597 | D:6      | Found a glowing silver altar of Zin.
  5597 | D:6      | Noticed an angel
  5598 | D:6      | Noticed a balrug
  5912 | D:6      | Reached skill level 8 in Spellcasting
  6158 | D:7      | Found a staircase to the Ecumenical Temple.
  6354 | Temple   | Entered the Ecumenical Temple
  6721 | Temple   | Became a worshipper of Vehumet
  6866 | D:7      | Found a sparkling altar of Nemelex Xobeh.
  8108 | D:8      | Reached XP level 10. EP: 96/96
  8154 | D:8      | Found a basalt altar of Yredelemnul.
  8324 | D:8      | Reached skill level 1 in Shields
  8334 | D:8      | Acquired Vehumet's first power
  8334 | D:8      | Offered knowledge of Flame Tongue by Vehumet.
  8340 | D:8      | Learned a level 1 spell: Flame Tongue
  8460 | D:7      | Found a shattered altar of Ashenzari.
  8484 | D:8      | Found a staircase to the Lair.
  8679 | D:8      | Reached skill level 9 in Spellcasting
  8870 | Lair:1   | Entered Level 1 of the Lair of Beasts
 10364 | Lair:2   | Offered knowledge of Throw Flame by Vehumet.
 10381 | Lair:2   | Learned a level 2 spell: Throw Flame
 11018 | Lair:2   | Identified a cursed +0 rod of demonology (9/9) (You found it on level 2 of the Lair of Beasts)
 11541 | Lair:3   | Offered knowledge of Stone Arrow by Vehumet.
 11691 | Lair:3   | Identified a scroll of acquirement
 11692 | Lair:3   | Got a warped helmet
 11696 | Lair:3   | Identified the +0 helmet of the Morning {rC+ Acc+3} (You acquired it on level 3 of the Lair of Beasts)
 11727 | Lair:3   | Reached XP level 11. EP: 105/105
 11740 | Lair:3   | Reached skill level 10 in Fire Magic
 11775 | Lair:3   | Acquired Vehumet's second power
 12225 | Lair:3   | Reached skill level 10 in Spellcasting
 13901 | D:9      | Offered knowledge of Sticky Flame by Vehumet.
 13915 | D:9      | Learned a level 4 spell: Sticky Flame
 14252 | D:9      | Noticed motorbit's ghost (experienced DECj)
 14376 | D:9      | Got a sheer robe
 14383 | D:9      | Identified the cursed -2 robe "Nuewul" {rPois rC+ Acc+4 Dam+2} (You found it on level 9 of the Dungeon)
 14399 | D:9      | Killed motorbit's ghost
 14399 | D:9      | Reached skill level 5 in Shields
 14710 | D:9      | Found a staircase to the Orcish Mines.
 14794 | D:10     | Entered Level 10 of the Dungeon
 14818 | D:10     | Mangled by a yak

Action                   |  1- 3 |  4- 6 |  7- 9 | 10-12 || total
-------------------------+-------+-------+-------+-------++-------
Melee: Whip              |    20 |    38 |    27 |       ||    85
       Staff             |       |       |   118 |    76 ||   194
 Cast: Magic Dart        |    80 |    72 |   342 |    55 ||   549
       Mephitic Cloud    |     2 |    14 |    41 |    32 ||    89
       Conjure Flame     |     1 |     5 |    26 |    38 ||    70
       Blink             |       |     1 |    10 |     6 ||    17
       Repel Missiles    |       |     2 |       |       ||     2
       Flame Tongue      |       |       |       |   363 ||   363
       Throw Flame       |       |       |       |   102 ||   102
       Sticky Flame      |       |       |       |     8 ||     8
Evoke: Wand              |     1 |     1 |     1 |     4 ||     7
  Use: Scroll            |       |       |    17 |     7 ||    24
       Potion            |       |       |    12 |     4 ||    16
 Stab: Sleeping          |     1 |     1 |       |       ||     2
       Confused          |       |     4 |       |     1 ||     5
